 Dungeon Crawl Stone Soup version 0.29-a0-221-gceb61267dd (webtiles) character file.

Game seed: 1674891742499990854

448 sammy202020 the Chopper (level 6, 56/56 HPs)
             Began as a Minotaur Berserker on Feb 26, 2022.
             Was a Believer of Trog.
             Quit the game on level 4 of the Dungeon.
             The game lasted 00:06:12 (3919 turns).

sammy202020 the Chopper (Minotaur Berserker)        Turns: 3919, Time: 00:06:12

Health: 56/56      AC: 13    Str: 24    XL:     6   Next: 73%
Magic:  5/5        EV:  9    Int:  4    God:    Trog [**....]
Gold:   188        SH:  0    Dex:  9    Spells: 5/5 levels left

rFire   . . .      SeeInvis .   a - +0 hand axe
rCold   . . .      Faith    +   (no shield)
rNeg    . . .      Spirit   .   e - +0 chain mail
rPois   .          Reflect  .   (helmet restricted)
rElec   .          Harm     .   (no cloak)
rCorr   +          Rampage  .   (no gloves)
Will    .....                   (no boots)
Stlth   ..........              j - amulet of faith
HPRegen 0.18/turn               b - ring of resist corrosion
MPRegen 0.09/turn               f - +4 ring of protection

@: no status effects
A: horns 2, retaliatory headbutt
a: Renounce Religion, Berserk, Trog's Hand


You were on level 4 of the Dungeon.
You worshipped Trog.
Trog was pleased with you.
You visited 1 branch of the dungeon, and saw 4 of its levels.

You collected 188 gold pieces.

Inventory:

Hand Weapons
 a - a +0 hand axe (weapon)
 v - a +0 flail
Armour
 e - a +0 chain mail (worn)
Jewellery
 b - a ring of resist corrosion (left hand)
 f - a +4 ring of protection (right hand)
 i - a ring of protection from fire
 j - an amulet of faith (around neck)
 s - a ring of flight
 z - a +4 ring of evasion
Wands
 n - a wand of charming (10)
 w - a wand of flame (12)
Scrolls
 g - a scroll of enchant armour {unknown}
 h - 2 scrolls of enchant weapon {unknown}
 l - 3 scrolls of teleportation {unknown}
 m - 2 scrolls of identify {unknown}
 p - a scroll of blinking {unknown}
 q - a scroll of vulnerability {unknown}
 t - a scroll of amnesia {unknown}
 y - a scroll of immolation {unknown}
Potions
 c - a potion of mutation {unknown}
 d - a potion of ambrosia {unknown}
 k - a potion of curing {unknown}
 o - a potion of flight {unknown}
 r - a potion of degeneration {unknown}
 u - 3 potions of heal wounds {unknown}
 x - a potion of lignification {unknown}


   Skills:
 + Level 5.5 Fighting
 + Level 5.5 Axes
 + Level 4.8 Armour
 + Level 4.4 Dodging


You had 5 spell levels left.
You didn't know any spells.
Your spell library was empty.

Dungeon Overview and Level Annotations

Branches:
Dungeon (4/15)
 Temple: D:4-7

Altars:
Sif Muna


Innate Abilities, Weirdness & Mutations

You have a pair of horns on your head.
You reflexively headbutt those who attack you in melee.


Message History

There is an open door here.
There is an open door here.
As you open the door, it creaks loudly!
There is an open door here.
Found a stone staircase leading down.
You open the door.
There is an open door here.
You open the door.
There is an open door here.
There is an open door here.
There is an open door here.
You open the door.
There is an open door here.
There is an open door here.
You open the door.
There is an open door here.
You open the door.
There is an open door here.
You open the door.
There is an open door here.
Found a dagger.
You open the door.
There is an open door here.
You open the door.
There is an open door here.
There is an open door here.
There is an open door here.
There is an open door here.
You open the gate.
There is an open gate here.
There is an open gate here.
There is an open door here.
There is an open door here.
You open the door.
There is an open door here.
There is an open door here.
z - a +4 ring of evasion Done exploring.
Unknown command.
Are you sure you want to abandon this character and quit the game? (Confirm with "yes".)

########
##########
#......#
#........#
#......#
#........#
#......#
#...@....#
###......#
#........#
.........#
#........#
.........#
#........#
.........#
#####....#
.........#
#....#####
.........#
#........#
.........#
#........#
.........#
#........#


There were no monsters in sight!

Vanquished Creatures
  A water moccasin (D:4)
  A bullfrog (D:4)
  2 scorpions (D:4)
  A jelly (D:3)
  An iguana (D:4)
  2 gnolls (D:1)
  An ufetubus (D:4)
  A worm (D:4)
  4 dart slugs
  A ball python (D:1)
  7 endoplasms
  3 giant cockroaches
  9 goblins
  5 hobgoblins
  6 quokkas
  4 bats (D:1)
  2 frilled lizards (D:1)
  9 kobolds
  8 rats
68 creatures vanquished.

Notes
Turn   | Place    | Note
-------+----------+-------------------------------------------
     0 | D:1      | sammy202020 the Minotaur Berserker began the quest for the
                  | Orb.
     0 | D:1      | Reached XP level 1. HP: 19/19 MP: 0/0
   188 | D:1      | Reached XP level 2. HP: 5/27 MP: 1/1
   682 | D:1      | Reached XP level 3. HP: 33/33 MP: 2/2
  1011 | D:1      | Found a faded altar of an unknown god.
  1618 | D:2      | Found a shimmering blue altar of Sif Muna.
  1742 | D:2      | Reached ** piety under Trog
  1938 | D:3      | Reached XP level 4. HP: 35/40 MP: 3/3
  2628 | D:4      | Noticed a water moccasin
  2635 | D:4      | Killed a water moccasin
  2636 | D:4      | Reached XP level 5. HP: 27/47 MP: 4/4
  3065 | D:4      | Reached skill level 5 in Fighting
  3084 | D:4      | Reached skill level 5 in Axes
  3100 | D:4      | Reached XP level 6. HP: 42/56 MP: 5/5
  3600 | D:4      | Found a shimmering blue altar of Sif Muna.
  3919 | D:4      | Quit the game

Illustrated notes

Levels and vault maps discovered:
D:1:      matt_arrival_grand_opening, layout_loops_corners,
          shapermc_ecumenical_altar_rom_forum, st_stairs_10
D:2:      layout_rooms, basic_altar
D:3:      layout_rooms, hangedman_abyss_or_decor_lesser_grid
D:4:      layout_gridville, mainiacjoe_overflow_alcove_4

Skill      XL: |  1  2  3  4  5 |
---------------+----------------+-----
Axes           | 4 5 |  5.5
Fighting       | 4 5 |  5.5
Armour         | 3 4 |  4.8
Dodging        | 3 4 |  4.4

Action                   |  1- 3 |  4- 6 || total
-------------------------+-------+-------++-------
Melee: Hand axe          |    94 |    78 ||   172
       Headbutt          |    12 |    14 ||    26
Invok: Berserk           |     1 |     1 ||     2
Armor: Ring mail         |    11 |       ||    11
       Chain mail        |    20 |    42 ||    62
Dodge: Dodged            |    43 |    34 ||    77

Table legend: (Time is in decaauts)
 A = Elapsed time spent in this place.
 B = Non-inter-level travel time spent in this place.
 C = Inter-level travel time spent in this place.
 D = Time resting spent in this place.
 E = Time spent auto-exploring this place.
 F = Levels seen in this place.
 G = Mean time per level.
                   A        B        C        D        E       F      G
               +--------+--------+--------+--------+--------+-----+--------+
         Total |   3950 |   3822 |    128 |    347 |   2891 |   4 |  987.5 |
       Dungeon |   3950 |   3822 |    128 |    347 |   2891 |   4 |  987.5 |
               +--------+--------+--------+--------+--------+-----+--------+

Top non-repeatable levels by time:
     D:4: 1505 daAuts
     D:1: 1435 daAuts
     D:3: 521 daAuts
     D:2: 488 daAuts
